 Dungeon Crawl Stone Soup version 0.25-a0-663-gace7076f2c (webtiles) character file.

Game seed: 15987984887130347849, levelgen mode: deterministic

61701 ReteAZ the Brawler (level 15, -1/126 HPs)
             Began as a Ghoul Fighter on Mar 24, 2020.
             Was the Champion of Makhleb.
             Shot with an arrow by a centaur (9 damage)
             ... on level 2 of the Orcish Mines.
             The game lasted 00:38:01 (17708 turns).

ReteAZ the Brawler (Ghoul Fighter)                 Turns: 17708, Time: 00:38:01

Health: -1/126     AC: 19    Str: 26    XL:     15   Next: 3%
Magic:  28/28      EV: 10    Int:  8    God:    Makhleb [******]
Gold:   1323       SH: 22    Dex: 13    Spells: 14/14 levels left

rFire    . . .     SeeInvis .     - Unarmed
rCold    + . .     Gourm    .   D - +4 tower shield "Qimuurif" {-Cast rN+++ MP+9 Dex+5}
rNeg     + + +     Faith    .   l - +2 scale mail {MR+}
rPois    ∞         Spirit   .   (no helmet)
rElec    .         Reflect  .   x - +2 cloak
rCorr    .         Harm     .   O - +2 pair of gloves
MR       +++..     NoCast   +   V - +1 pair of boots
Stlth    ..........             (no amulet)
HPRegen  0.00/turn              o - ring of protection from magic
MPRegen  0.21/turn              k - +4 ring of strength

@: very slightly contaminated, rotting
A: rotting body, claws 1, carnivore, cold resistance 1, negative energy
resistance 3, inhibited regeneration, torment resistance, unbreathing
a: Minor Destruction, Lesser Servant of Makhleb, Major Destruction, Greater
Servant of Makhleb, Renounce Religion


You were on level 2 of the Orcish Mines.
You worshipped Makhleb.
Makhleb was exalted by your worship.
You were not hungry.

You visited 3 branches of the dungeon, and saw 20 of its levels.
You visited 1 bazaar.
You also visited: Ice Cave.

You collected 1712 gold pieces.
You spent 389 gold pieces at shops.

Inventory:

Missiles
 j - 30 boomerangs
 C - a throwing net
 H - 6 curare-tipped darts (quivered)
 L - 65 poisoned darts
Armour
 b - a +0 kite shield
 e - a +0 scale mail of cold resistance
 l - a +2 scale mail of magic resistance (worn)
 x - a +2 cloak (worn)
 D - the +4 tower shield "Qimuurif" (worn) {-Cast rN+++ MP+9 Dex+5}
   (You found it on level 12 of the Dungeon)

   It affects your dexterity (+5).
   It renders you almost immune to negative energy.
   It affects your magic capacity (+9).
   It prevents spellcasting.
 E - a +0 plate armour
 O - a +2 pair of gloves (worn)
 S - +0 steam dragon scales
 V - a +1 pair of boots (worn)
Jewellery
 k - a +4 ring of strength (right hand)
 o - a ring of protection from magic (left hand)
Wands
 n - a wand of random effects (65)
 w - a wand of paralysis (15)
 y - a wand of flame (24)
 F - a wand of digging (9)
 I - a wand of polymorph (14)
 R - a wand of acid (4)
 Y - a wand of disintegration (26)
Scrolls
 a - a scroll of silence {unknown}
 f - 8 scrolls of amnesia
 g - 6 scrolls of enchant weapon
 h - 7 scrolls of teleportation
 i - 5 scrolls of fear {unknown}
 m - 4 scrolls of magic mapping
 r - 7 scrolls of remove curse
 s - a scroll of vulnerability {unknown}
 B - a scroll of blinking
 N - a scroll of fog
Potions
 c - 2 potions of might
 q - 2 potions of ambrosia
 t - 8 potions of curing
 v - 3 potions of lignification
 A - 2 potions of cancellation
 G - a potion of flight
 K - a potion of resistance
 M - a potion of mutation
 P - 3 potions of stabbing
 Q - a potion of haste
Comestibles
 d - 51 rations
 p - 3 chunks of flesh


   Skills:
 + Level 9.7 Fighting
 + Level 9.4 Armour
 + Level 6.1 Dodging
 + Level 9.4 Shields
 - Level 18.0 Unarmed Combat
 - Level 5.2 Invocations
 + Level 7.0 Evocations


You had 14 spell levels left.
You didn't know any spells.
Your spell library contained the following spells:

 Spells                   Type           Power        Failure   Level  Hunger
 Animate Skeleton         Necr           N/A          100%        1    ##.....
 Apportation              Tloc           #.....       100%        1    ##.....
 Corona                   Hex            #......      100%        1    ##.....
 Pain                     Necr           #...         100%        1    ##.....
 Sting                    Tmut/Pois      #...         100%        1    ##.....
 Summon Small Mammal      Summ           #...         100%        1    ##.....
 Poisonous Vapours        Pois/Air       #.....       100%        2    ###....
 Ignite Poison            Fire/Tmut/Pois #.......     100%        3    ####...
 Mephitic Cloud           Conj/Pois/Air  #.......     100%        3    ####...
 Vampiric Draining        Necr           #.........   100%        3    ####...
 Animate Dead             Necr           N/A          100%        4    #####..
 Olgreb's Toxic Radiance  Pois           #.......     100%        4    #####..
 Agony                    Necr           #.......     100%        5    ######.


Dungeon Overview and Level Annotations

Branches:
Dungeon (12/15)            Temple (0/1) D:7            Lair (6/6) D:11
  Swamp (0/4) Lair:2        Snake (0/4) Lair:2        Slime (0/5) Lair:6
    Orc (2/2) D:12            Elf (0/3) Orc:2         IceCv (visited)

Altars:
Cheibriados
Dithmenos
Elyvilon
Gozag
Kikubaaqudgha
Makhleb
Okawaru
Qazlal
Ru
Sif Muna
Uskayaw
Vehumet
Wu Jian
The Shining One

Shops:
D:6 *   D:11 (*?

Annotations:
D:7 2 transporters, Beaer's ghost, novice MfSk; Grum
D:8 3 runed translucent doors
Lair:3 exclusion: 3 oklob plants


Innate Abilities, Weirdness & Mutations

Your body is rotting away.
You thrive on raw meat.
You are immune to poison.
You have sharp fingernails.
You are carnivorous and can eat meat at any time.
Your flesh is cold resistant. (rC+)
You are immune to negative energy. (rN+++)
You do not regenerate when monsters are visible.
You are immune to unholy pain and torment.
You can survive without breathing.


Message History

You feel much better.
The orc warrior shoots a bolt.
The bolt hits your hellwing!! You block the orc warrior's attack.
The centaur shoots an arrow.
You block the arrow.
Your hellwing hits the orc warrior! Your hellwing misses the orc warrior.
You block the orc knight's attack. The orc warrior barely misses you.
You feel much better.
The centaur shoots an arrow.
You block the arrow. The orc warrior barely misses you.
The orc warrior shoots a bolt.
The bolt hits your hellwing!!
Your hellwing dies!
The orc knight hits you with a +0 glaive!
* * * LOW HITPOINT WARNING * * *
The orc warrior hits you with a +0 dire flail!!
* * * LOW HITPOINT WARNING * * *
Blink to where?
Press: ? - help, Dir - move target cursor You are very lightly contaminated with residual magic.
As you read the scroll of blinking, it crumbles to dust.
The orc warrior no longer looks unusually strong.
The centaur shoots an arrow.
The arrow hits you!
You die...

..##............##.#.....
#####........<.## ###...
.#####........## ##.....
..##...>.......##.....<.
........................
......................#
..........##..........##
......).#####(.........#
......### #...@.....#
.##...# ##.#....###
#.#.(.# ##...### ...####
#....# #.#.# #.)..# #####
##...#
############ooc####
.......(.((§).......
......((.())oo).....


You could see 2 orc warriors and a centaur.

Vanquished Creatures
  An orc warlord (Orc:2)
  Nessos (D:12)
  Fannar (Lair:3)
  A catoblepas (Lair:6)
  11 hydras
  2 two-headed ogres (D:12)
  A deep troll shaman (Lair:6)
  6 death yaks (Lair:6)
  An orc high priest (Orc:1)
  4 skeletal warriors
  Pikel (D:5)
  3 ugly things
  A manticore (D:11)
  14 elephants (Lair:6)
  4 black mambas
  9 spiny frogs
  A centaur zombie (D:10)
  Maurice (D:9)
  Maggie (D:9)
  A gargoyle (D:10)
  6 komodo dragons
  2 rime drakes
  2 ice devils (Lair:6)
  2 polar bears (Lair:6)
  5 trolls
  2 bog bodies (Lair:2)
  A hornet (D:12)
  21 blink frogs
  7 hippogriffs
  A spriggan (D:7)
  A vampire (D:10)
  3 wyverns
  24 yaks
  2 basilisks
  3 vampire mosquitoes (D:12)
  5 hungry ghosts
  Menkaure (D:5)
  4 wargs (Orc:1)
  11 water moccasins
  An acid dragon (D:11)
  21 orc warriors
  10 porcupines
  7 black bears
  2 eyes of draining
  2 phantoms
  7 ice beasts
  12 ogres
  A necrophage (D:10)
  21 wolves
  10 centaurs
  13 crocodiles
  A big kobold (D:11)
  Blork the orc (D:5)
  13 bullfrogs
  3 scorpions
  3 killer bees (D:12)
  3 electric eels
  A howler monkey (D:4)
  9 crimson imps
  4 centaur skeletons
  14 jellies
  7 hounds
  11 orc priests
  15 orc wizards
  A bullfrog skeleton (D:4)
  4 iguanas
  5 worker ants
  6 hound skeletons
  2 worker ant zombies
  2 howler monkey skeletons
  3 gnolls
  14 adders
  A shadow imp (D:9)
  4 oozes
  2 adder zombies
  An adder skeleton (D:8)
  2 worms
  2 dart slugs
  5 leopard geckos
  62 orcs
  3 giant cockroaches
  6 goblins
  2 hobgoblins
  3 jackals (D:9)
  2 quokkas
  A ball python (D:4)
  2 bats
  3 frilled lizards
  A goblin skeleton (D:4)
  A goblin zombie (D:4)
  4 hobgoblin zombies (D:4)
  A jackal skeleton (D:4)
  15 kobolds
  An orc skeleton (D:4)
  An orc zombie (D:4)
  2 quokka skeletons
  3 rats
527 creatures vanquished.

Vanquished Creatures (collateral kills)
  An orc knight (Orc:2)
  A blink frog (Lair:5)
  A water moccasin (Lair:5)
  4 ice beasts (IceCv)
  An orc (Orc:2)
8 creatures vanquished.

Vanquished Creatures (others)
  An orc priest (Orc:2)
  4 bushes (D:11)
  13 fungi
  24 plants
42 creatures vanquished.

Grand Total: 577 creatures vanquished

Notes
Turn   | Place    | Note
-------+----------+-------------------------------------------
     0 | D:1      | ReteAZ the Ghoul Fighter began the quest for the Orb.
     0 | D:1      | Reached XP level 1. HP: 19/19 MP: 0/0
   266 | D:1      | Reached XP level 2. HP: 20/26 MP: 1/1
   649 | D:2      | Reached XP level 3. HP: 10/31 MP: 2/2
   656 | D:2      | Reached skill level 3 in Unarmed Combat
   869 | D:2      | Found a white marble altar of Elyvilon.
  1123 | D:2      | You fall into a shaft and drop 1 floor!
  1222 | D:2      | Found a faded altar of an unknown god.
  1254 | D:3      | Reached XP level 4. HP: 15/39 MP: 3/3
  1366 | D:3      | Reached XP level 5. HP: 46/46 MP: 4/4
  1395 | D:3      | Reached skill level 4 in Unarmed Combat
  1807 | D:3      | Found an iron altar of Okawaru.
  2289 | D:4      | Reached XP level 6. HP: 47/53 MP: 5/5
  2337 | D:4      | Reached skill level 5 in Unarmed Combat
  2482 | D:4      | Reached XP level 7. HP: 56/60 MP: 6/6
  2526 | D:4      | Found a glowing golden altar of the Shining One.
  2688 | D:4      | Reached skill level 5 in Fighting
  2896 | D:5      | Entered Level 5 of the Dungeon
  3042 | D:5      | Noticed Menkaure
  3047 | D:5      | Killed Menkaure
  3047 | D:5      | Reached skill level 6 in Unarmed Combat
  3085 | D:5      | Found a sacrificial altar of Ru.
  3155 | D:5      | Noticed Blork the orc
  3162 | D:5      | Killed Blork the orc
  3162 | D:5      | Reached XP level 8. HP: 69/69 MP: 7/7
  3239 | D:5      | Found a radiant altar of Vehumet.
  3310 | D:5      | Found an opulent altar of Gozag.
  3310 | D:5      | Noticed Pikel
  3335 | D:5      | Killed Pikel
  3335 | D:5      | Reached skill level 7 in Unarmed Combat
  3795 | D:6      | Found a shimmering blue altar of Sif Muna.
  3804 | D:6      | Reached skill level 5 in Armour
  3804 | D:6      | Reached skill level 5 in Shields
  3877 | D:6      | Found a shadowy altar of Dithmenos.
  3936 | D:6      | Reached skill level 8 in Unarmed Combat
  3968 | D:6      | Reached XP level 9. HP: 37/75 MP: 8/8
  4087 | D:6      | Found Xukhlaumi's General Store.
  4157 | D:6      | Reached skill level 9 in Unarmed Combat
  4268 | D:6      | Found an ornate altar of the Wu Jian Council.
  4462 | D:7      | Found a transporter.
  4462 | D:7      | Identified the +3 kite shield of Tomorrow {+Blink Regen+
                  | rCorr Str-5}
  4532 | D:7      | Found a transporter.
  4542 | D:7      | Noticed Beaer's ghost (novice MfSk)
  4574 | D:7      | Reached skill level 10 in Unarmed Combat
  4583 | D:7      | Found a burning altar of Makhleb.
  4646 | D:7      | Became a worshipper of Makhleb the Destroyer
  4812 | D:7      | Reached skill level 11 in Unarmed Combat
  4867 | D:7      | Found a staircase to the Ecumenical Temple.
  4950 | D:7      | Noticed Grum
  5015 | D:8      | Found an ancient bone altar of Kikubaaqudgha.
  5139 | D:8      | Found a runed translucent gate.
  5139 | D:8      | Found a runed translucent gate.
  5139 | D:8      | Found a runed translucent gate.
  5141 | D:8      | Noticed a purple ugly thing
  5141 | D:8      | Noticed a red ugly thing
  5141 | D:8      | Noticed a cyan ugly thing
  5216 | D:8      | Reached skill level 12 in Unarmed Combat
  5222 | D:8      | Reached * piety under Makhleb
  5222 | D:8      | Reached XP level 10. HP: 68/83 MP: 9/9
  5650 | D:9      | Noticed Maggie
  5784 | D:9      | Noticed Maurice
  5792 | D:9      | Killed Maurice
  5792 | D:9      | Reached skill level 13 in Unarmed Combat
  5812 | D:9      | Found a hide-covered altar of Uskayaw.
  6033 | D:9      | Found a snail-covered altar of Cheibriados.
  6223 | D:9      | Killed Maggie
  6454 | D:10     | Entered Level 10 of the Dungeon
  6464 | D:10     | Reached ** piety under Makhleb
  6464 | D:10     | Reached skill level 14 in Unarmed Combat
  6649 | D:10     | Noticed a gargoyle
  6655 | D:10     | Killed a gargoyle
  6958 | D:10     | Reached XP level 11. HP: 89/89 MP: 10/10
  7028 | D:10     | Reached skill level 15 in Unarmed Combat
  7189 | D:11     | Noticed a skeletal warrior
  7189 | D:11     | Noticed a skeletal warrior
  7189 | D:11     | Noticed a skeletal warrior
  7194 | D:11     | Noticed a skeletal warrior
  7216 | D:10     | Killed a skeletal warrior
  7379 | D:11     | Reached skill level 1 in Dodging
  7424 | D:11     | Found a stormy altar of Qazlal.
  7468 | D:11     | Noticed a white ugly thing
  7482 | D:11     | Killed a white ugly thing
  7487 | D:11     | Reached *** piety under Makhleb
  7536 | D:11     | Found Jaribraplup's Antique Weapon Emporium.
  7698 | D:11     | Noticed a manticore
  7738 | D:11     | Killed a manticore
  7765 | D:11     | Killed a skeletal warrior
  7784 | D:11     | Killed a skeletal warrior
  7801 | D:11     | Killed a skeletal warrior
  7840 | D:11     | Found a staircase to the Lair.
  7856 | D:11     | Found a flickering gateway to a bazaar.
  7869 | Bazaar   | Entered a bazaar
  7876 | Bazaar   | Found Arroukh's Magic Scroll Shop.
  7890 | Bazaar   | Found Waokenic's Food Boutique.
  7917 | Bazaar   | Found Folug's Food Boutique.
  7933 | Bazaar   | Found Derymp's Food Shop.
  7951 | Bazaar   | Found Vakush's Food Boutique.
  8069 | Bazaar   | Bought a scroll of remove curse for 33 gold pieces
  8069 | Bazaar   | Bought a scroll of identify for 22 gold pieces
  8069 | Bazaar   | Bought a scroll of enchant armour for 82 gold pieces
  8069 | Bazaar   | Bought a scroll of identify for 22 gold pieces
  8069 | Bazaar   | Bought a scroll of enchant armour for 82 gold pieces
  8069 | Bazaar   | Bought a scroll of remove curse for 33 gold pieces
  8069 | Bazaar   | Bought a scroll of enchant armour for 82 gold pieces
  8199 | D:11     | Found Vemn's General Store.
  8209 | D:11     | Bought a scroll of teleportation for 33 gold pieces
  8305 | D:11     | Found Houdim's Magic Scroll Shoppe.
  8472 | D:11     | Reached XP level 12. HP: 100/100 MP: 11/11
  8621 | Lair:1   | Entered Level 1 of the Lair of Beasts
  9584 | Lair:2   | Reached **** piety under Makhleb
  9976 | Lair:2   | Found a staircase to the Snake Pit.
 10426 | Lair:2   | Found a staircase to the Swamp.
 10564 | Lair:3   | Noticed a four-headed hydra
 10572 | Lair:3   | Noticed a five-headed hydra
 10701 | Lair:3   | Noticed a seven-headed hydra
 10741 | Lair:3   | Killed a seven-headed hydra
 11141 | Lair:3   | Noticed Fannar
 11159 | Lair:3   | Killed Fannar
 11159 | Lair:3   | Reached skill level 5 in Dodging
 11159 | Lair:3   | Reached XP level 13. HP: 96/110 MP: 12/12
 11939 | Lair:4   | Reached skill level 1 in Invocations
 11977 | Lair:4   | Reached skill level 1 in Evocations
 12117 | Lair:4   | Reached ***** piety under Makhleb
 12943 | Lair:5   | Reached skill level 16 in Unarmed Combat
 13544 | Lair:6   | Entered Level 6 of the Lair of Beasts
 13812 | Lair:6   | Identified a scroll of acquirement
 13812 | Lair:6   | Identified the +1 demon trident "Vipses" {vamp, MR+ Str+5
                  | Int+3} (You acquired it on level 6 of the Lair of Beasts)
 13812 | Lair:6   | Identified the +1 pair of boots "Herhiag" {Str+4 Int-4
                  | Dex+4} (You acquired it on level 6 of the Lair of Beasts)
 13908 | Lair:6   | Found a frozen archway.
 13934 | IceCv    | Entered an ice cave
 13961 | IceCv    | Found a transporter.
 14251 | Lair:6   | Reached skill level 5 in Invocations
 14425 | Lair:6   | Reached XP level 14. HP: 118/118 MP: 16/16
 14529 | Lair:6   | Reached skill level 17 in Unarmed Combat
 14593 | Lair:6   | Reached skill level 5 in Evocations
 14682 | Lair:6   | Found a staircase to the Slime Pits.
 15561 | Lair:6   | Reached skill level 18 in Unarmed Combat
 15809 | D:12     | Found a staircase to the Orcish Mines.
 15892 | D:12     | Noticed Nessos
 15906 | D:12     | Killed Nessos
 15941 | D:12     | Got a translucent tower shield
 15952 | D:12     | Identified the +4 tower shield "Qimuurif" {-Cast rN+++ MP+9
                  | Dex+5} (You found it on level 12 of the Dungeon)
 16379 | Orc:1    | Entered Level 1 of the Orcish Mines
 16579 | Orc:1    | Reached ****** piety under Makhleb
 16823 | Orc:2    | Entered Level 2 of the Orcish Mines
 16848 | Orc:2    | Noticed an orc warlord
 17033 | Orc:2    | Killed an orc warlord
 17124 | Orc:2    | Reached XP level 15. HP: 126/126 MP: 19/19
 17536 | Orc:2    | Found a staircase to the Elven Halls.
 17708 | Orc:2    | Shot with an arrow by a centaur

Levels and vault maps discovered:
D:1:      matt_arrival_los_fun, layout_basic
D:2:      layout_basic, elyvilon_altar_3, chequers_ecumenical_altar_simple,
          xom_teletrap_fun
D:3:      layout_loops_ring, okawaru_metal_pillars_3
D:4:      layout_basic, nicolae_tso_besieged_by_evil, first_ration
D:5:      layout_loops_cross, kennysheep_mini_moat,
          nicolae_ru_sacrificial_ziggurat, grunt_gozag_statues,
          uniq_blork_the_orc, uniq_menkaure, uniq_pikel
D:6:      layout_basic, chequers_temple_overflow_statue_of_worship,
          grunt_dithmenos_smoke_and_mirrors, serial_shops,
          nicolae_shop_window_shopping, minivault_23
D:7:      layout_rooms, old_standard_altar, minmay_temple_entry_offerings,
          gammafunk_ghost_gnarly_gnolls, the_bakery
D:8:      layout_rooms, kiku_gazebo_garden_becter,
          ploomutoo_gammafunk_ghost_potion_laboratory
D:9:      layout_loops_ring, old_standard_altar, slow_altar_2, uniq_grum,
          uniq_maggie, uniq_maurice
D:10:     layout_gridville
D:11:     layout_roguey, minmay_lair_entry_grove, basic_altar, serial_shops,
          bzr_entry_safe, nicolae_shop_temple_entry_statues_fountains, shop,
          nicolae_shop_window_shopping, fungi_pond_lemuel
D:12:     layout_roguey, orc_0_dummy, uniq_nessos
Lair:1:   layout_cave_pods
Lair:2:   layout_regular_city, nicolae_swamp_entry_splash_gauntlet,
          dummy_snake_entry, chequers_serial_rivers_micro_e, grunt_megastairs_3,
          infiniplex_staircase_pool_2
Lair:3:   layout_loops_ring, serial_bayou_shore_b, minmay_lair_oklob_chamber,
          uniq_fannar
Lair:4:   layout_regular_city, lemuel_fruit_tree
Lair:5:   layout_cave_pods
Lair:6:   grunt_lair_end_beastmaster, layout_cave_shapes,
          minmay_slime_entry_jelly_boxes, portal_ice_cave_demonic_guard,
          gammafunk_lair_bear_cave
Orc:1:    layout_diamond_mine
Orc:2:    st_orc_rangers, layout_diamond_mine

Skill      XL: |  1  2  3  4  5  6  7  8  9 10 11 12 13 14 |
---------------+-------------------------------------------+-----
Unarmed Combat | 3 4 5 6 8 12 14 15 16 18 | 18.0
Armour         | 3 4 5 7 9 |  9.4
Shields        | 3 4 5 7 9 |  9.4
Fighting       | 4 5 6 7 8 9 |  9.7
Dodging        | 3 5 6 |  6.1
Invocations    | 5 |  5.2
Evocations     | 4 7 |  7.0

Action                   |  1- 3 |  4- 6 |  7- 9 | 10-12 | 13-15 || total
-------------------------+-------+-------+-------+-------+-------++-------
Melee: Unarmed           |   145 |   166 |   300 |   807 |   963 ||  2381
Throw: Boomerang         |       |       |     4 |       |       ||     4
       Dart              |       |       |     3 |    10 |     7 ||    20
Invok: Lesser Servant of |       |       |       |       |    11 ||    11
Evoke: Wand              |       |       |       |    30 |    34 ||    64
  Use: Potion            |       |       |     2 |     4 |     3 ||     9
       Scroll            |       |       |       |    12 |    24 ||    36
 Stab: Confused          |       |       |       |     1 |       ||     1
       Paralysed         |       |       |       |     7 |       ||     7
       Petrified         |       |       |       |       |     7 ||     7
       Distracted        |       |       |       |       |     1 ||     1
       Invisible         |       |       |       |       |     3 ||     3
  Eat: Chunk             |     5 |    23 |    27 |    75 |    58 ||   188
Armor: Scale mail        |    70 |    59 |    89 |   197 |   360 ||   775
Dodge: Dodged            |    48 |    29 |    55 |   189 |   294 ||   615
Block: Kite shield       |    81 |    53 |   143 |   296 |   328 ||   901
       Tower shield      |       |       |       |       |   418 ||   418

Table legend:
 A = Non-vault XP
 B = Vault XP
 C = Vault XP percentage of total XP
 D = Non-vault monster count
 E = Vault monster count
 F = Vault count percentage of total count
                 A         B        C        D         E       F
            +---------+---------+-------+---------+---------+-------
      Total |   65845 |   22300 |  25.3 |     434 |     102 |  19.0
            +---------+---------+-------+---------+---------+-------
        D:1 |      32 |       0 |   0.0 |      20 |       0 |   0.0
        D:2 |      31 |       0 |   0.0 |       5 |       0 |   0.0
        D:3 |     248 |       0 |   0.0 |      28 |       0 |   0.0
        D:4 |     418 |      56 |  11.8 |      17 |       9 |  34.6
        D:5 |     210 |     878 |  80.7 |       9 |       3 |  25.0
        D:6 |     868 |       0 |   0.0 |      12 |       0 |   0.0
        D:7 |    1163 |     224 |  16.1 |      16 |       1 |   5.9
        D:8 |     904 |       0 |   0.0 |      21 |       0 |   0.0
        D:9 |    1403 |     848 |  37.7 |      24 |       3 |  11.1
       D:10 |    3096 |       0 |   0.0 |      19 |       0 |   0.0
       D:11 |    6467 |    1579 |  19.6 |      37 |      13 |  26.0
       D:12 |    5417 |    1372 |  20.2 |      30 |       1 |   3.2
     Lair:1 |    3186 |       0 |   0.0 |      16 |       0 |   0.0
     Lair:2 |    5130 |     802 |  13.5 |      21 |       5 |  19.2
     Lair:3 |    4695 |    1729 |  26.9 |      12 |       5 |  29.4
     Lair:4 |    3247 |       0 |   0.0 |      12 |       0 |   0.0
     Lair:5 |    7921 |       0 |   0.0 |      28 |       0 |   0.0
     Lair:6 |   14973 |   11554 |  43.6 |      40 |      39 |  49.4
      Orc:1 |    4036 |       0 |   0.0 |      48 |       0 |   0.0
      Orc:2 |    2400 |    1849 |  43.5 |      19 |      15 |  44.1
      IceCv |       0 |    1409 | 100.0 |       0 |       8 | 100.0
            +---------+---------+-------+---------+---------+-------
